 Dungeon Crawl Stone Soup version 0.19-a0-1820-gbf060b2 (webtiles) character file.

1318 Grim the Cruncher (level 8, -2/56 HPs)
             Began as a Mummy Gladiator on Oct 6, 2016.
             Was a Follower of Cheibriados.
             Splashed by a jelly's acid (9 damage)
             ... on level 6 of the Dungeon.
             The game lasted 00:11:49 (4365 turns).

Grim the Cruncher (Mummy Gladiator)                 Turns: 4365, Time: 00:11:50

Health: -2/56      AC: -18   Str: 28    XL:     8   Next: 33%
Magic:  8/8        EV: 13    Int: 10    God:    Cheibriados [*.....]
Gold:   245        SH:  0    Dex: 17    Spells: 0 memorised, 7 levels left

rFire  . . .     SeeInvis .     a - +0 quarterstaff
rCold  . . .     Gourm    .     p - +0 troll leather armour
rNeg   + + +     Faith    .     (shield currently unavailable)
rPois  ∞         Spirit   .     c - +0 helmet
rElec  .         Dismiss  .     (no cloak)
rCorr  .         Reflect  .     (no gloves)
MR     +....     Harm     .     r - +0 pair of boots
Stlth  +.........               (no amulet)
                                t - ring of fire
                                e - +6 ring of strength

@: corroded, very slow
A: no food or potions, fire vulnerability, cold resistance 1, negative energy
resistance 3, torment resistance, unbreathing
a: Bend Time, Renounce Religion


You were on level 6 of the Dungeon.
You worshipped Cheibriados.
Cheibriados was aware of your devotion.
You were not hungry.

You visited 2 branches of the dungeon, and saw 7 of its levels.

You collected 245 gold pieces.

Inventory:

Hand Weapons
 a - a +0 quarterstaff (weapon)
Missiles
 v - a throwing net (quivered)
Armour
 c - a +0 helmet (worn)
 p - a +0 troll leather armour (worn)
 r - a +0 pair of boots (worn)
Magical Staves
 d - an uncursed staff of death
Jewellery
 b - an uncursed ring of ice
 e - a +6 ring of strength (left hand)
 h - an uncursed ring of magical power
 k - an uncursed ring of flight
 t - a ring of fire (right hand)
Scrolls
 i - 3 scrolls of noise
 j - 2 scrolls of remove curse
 l - a scroll of magic mapping {unknown}
 m - a scroll of fog {unknown}
 n - a scroll of recharging {unknown}
 o - 3 scrolls of enchant weapon
 q - a scroll of teleportation
 s - 2 scrolls of enchant armour {unknown}
 u - a scroll of amnesia {unknown}


   Skills:
 - Level 2.0 Fighting
 + Level 9.0 Staves
 - Level 1.5 Throwing
 - Level 2.4 Dodging


You had 7 spell levels left.
You didn't know any spells.

Dungeon Overview and Level Annotations

Branches:
Dungeon (6/15)             Temple (1/1) D:4

Altars:
Ashenzari
Cheibriados
Elyvilon
Fedhas
Gozag
Hepliaklqana
Makhleb
Okawaru
Uskayaw
Vehumet
Xom
Yredelemnul
Zin
The Shining One

Shops:
D:4 =


Innate Abilities, Weirdness & Mutations

You do not eat or drink.
Your flesh is vulnerable to fire.
You are immune to poison.
Your flesh is cold resistant. (rC+)
You are immune to negative energy. (rN+++)
You are immune to unholy pain and torment.
You can survive without breathing.


Message History

* * * LOW HITPOINT WARNING * * *
The acid corrodes you!
You are splashed with acid!
The acid burns!
* * * LOW HITPOINT WARNING * * *
You hit the jelly.
Your hands burn!
* * * LOW HITPOINT WARNING * * *
The jelly is moderately wounded.
The jelly closely misses you.
You barely miss the jelly.
The jelly is moderately wounded.
The jelly hits you.
* * * LOW HITPOINT WARNING * * *
The acid corrodes you!
You are splashed with acid!
The acid burns!
* * * LOW HITPOINT WARNING * * *
You hit the jelly but do no damage.
Your hands burn!
* * * LOW HITPOINT WARNING * * *
The jelly is moderately wounded.
The jelly hits you.
* * * LOW HITPOINT WARNING * * *
The acid corrodes you!
You are splashed with acid!
The acid burns!
You die...

#.#####.#
####.......#
####.......######
....#.)........####
###..#.##.####.....#
.....#..#.####.....#
...$..#.#.##.......#
..........##.#.....#
##..##@#.##.#!<...#
#J#.......####
#.####.#### #.#
..... #...##. .# ..#
#. # ... #.#


You could see a jelly.

Vanquished Creatures
  A steam dragon (D:5)
  Edmund (D:5)
  Duvessa (D:5)
  2 ice beasts
  2 centaurs (D:5)
  Dowan (D:5)
  3 scorpions
  A howler monkey (D:4)
  A centaur zombie (D:5)
  A crimson imp (D:5)
  A hound (D:5)
  3 orc wizards
  An orc priest (D:5)
  2 worker ants (D:5)
  4 adders
  A shadow imp (D:5)
  2 worms (D:2)
  A dart slug (D:2)
  4 leopard geckos
  9 orcs
  3 giant cockroaches
  7 goblins
  4 hobgoblins
  6 jackals
  A quokka (D:3)
  A ball python (D:1)
  6 bats
  4 frilled lizards
  4 kobolds
  2 leopard gecko skeletons
  6 rats
86 creatures vanquished.

Vanquished Creatures (others)
  7 fungi (D:5)
7 creatures vanquished.

Grand Total: 93 creatures vanquished

Notes
Turn   | Place    | Note
-------+----------+-------------------------------------------
     0 | D:1      | Grim the Mummy Gladiator began the quest for the Orb.
     0 | D:1      | Reached XP level 1. HP: 16/16 MP: 1/1
   283 | D:1      | Reached XP level 2. HP: 22/22 MP: 2/2
   289 | D:1      | Reached skill level 3 in Staves
   850 | D:2      | Reached XP level 3. HP: 26/27 MP: 3/3
   982 | D:2      | Found a faded altar of an unknown god.
  1098 | D:2      | Found an opulent altar of Gozag.
  1509 | D:3      | Reached skill level 4 in Staves
  1509 | D:3      | Reached XP level 4. HP: 27/33 MP: 4/4
  1567 | D:3      | Found a shimmering altar of Xom.
  1568 | D:3      | Found a shimmering altar of Xom.
  1570 | D:3      | Found a shimmering altar of Xom.
  2166 | D:4      | Reached XP level 5. HP: 20/38 MP: 5/5
  2222 | D:4      | Reached skill level 5 in Staves
  2289 | D:4      | Found a staircase to the Ecumenical Temple.
  2294 | Temple   | Entered the Ecumenical Temple
  2347 | Temple   | Became a worshipper of Cheibriados the Contemplative
  2408 | D:4      | Found a white marble altar of Elyvilon.
  2656 | D:4      | Found Estroax Duna's Jewellery Shop.
  2945 | D:4      | Found a glowing silver altar of Zin.
  2970 | D:5      | Entered Level 5 of the Dungeon
  2978 | D:5      | Noticed a centaur
  2985 | D:5      | Reached XP level 6. HP: 43/44 MP: 6/6
  2991 | D:5      | Reached skill level 6 in Staves
  3085 | D:5      | Noticed Edmund
  3126 | D:5      | Killed Edmund
  3253 | D:5      | Reached XP level 7. HP: 8/50 MP: 7/7
  3481 | D:5      | Reached skill level 7 in Staves
  3504 | D:5      | Reached * piety under Cheibriados
  3617 | D:5      | Noticed Duvessa
  3618 | D:5      | Noticed Dowan
  3632 | D:5      | Killed Duvessa
  3638 | D:5      | Killed Dowan
  3728 | D:5      | Reached skill level 8 in Staves
  3849 | D:5      | Found a basalt altar of Yredelemnul.
  3853 | D:5      | Found an iron altar of Okawaru.
  3858 | D:5      | Found a glowing golden altar of the Shining One.
  3905 | D:5      | Reached XP level 8. HP: 56/56 MP: 8/8
  4360 | D:6      | Reached skill level 9 in Staves
  4365 | D:6      | Splashed by a jelly's acid

Vault maps used:
D:1:      dpeg_arrival_tiny_i, minmay_crystal_room, minmay_pentomino_r2
D:2:      nicolae_gozag_cash_rules_everything_around_me, ecumenical_altar_1,
          serial_glass, glass_columns_a, glass_columns_b, first_bread
D:3:      xom_redecorated, minmay_misc_feat_doors, roderic_lattice_a
D:4:      zin_statuary, marbit_many_paths, serial_shops,
          nicolae_shop_window_shopping, roderic_greek_sauvastika
D:5:      kennysheep_steamy, minmay_overflow_temple_star_quad,
          minmay_stone_trees_small, uniq_edmund, uniq_duvessa
D:6:      old_standard_altar, serial_bayou_ford_a
Temple:   bh_familiar_temple

Skill      XL: |  1  2  3  4  5  6  7  8 |
---------------+-------------------------+-----
Staves         | 3 4 5 6 8 9 |  9.0
Fighting       | |  2.0
Throwing       | |  1.5
Dodging        | |  2.4

Action                   |  1- 3 |  4- 6 |  7- 9 || total
-------------------------+-------+-------+-------++-------
Melee: Quarterstaff      |   122 |   130 |   103 ||   355
Throw: Throwing net      |     1 |     3 |       ||     4
Invok: Bend Time         |       |     1 |       ||     1
  Use: Scroll            |       |     1 |     6 ||     7
Armor: Leather armour    |    22 |       |       ||    22
       Troll leather arm |    15 |    20 |    27 ||    62
Dodge: Dodged            |    77 |    73 |    44 ||   194
